 Dungeon Crawl Stone Soup version 0.31.0-12-g77e489cdc1 (webtiles) character file.

Game seed: 4356214076734247378

1110 Aminik the Fighter (level 8, -3/68 HPs)
             Began as a Demonspawn Brigand on Mar 1, 2024.
             Incinerated by a bombardier beetle (4 damage)
             ... with a burning spray
             ... on level 5 of the Dungeon.
             The game lasted 00:06:51 (4574 turns).

Aminik the Fighter (Demonspawn Brigand)             Turns: 4574, Time: 00:06:52

Health: -3/68      AC:  8    Str: 17    XL:     8   Next: 11%
Magic:  8/8        EV: 11    Int: 15    God:
Gold:   278        SH:  0    Dex: 14    Spells: 7/7 levels left

rFire   . . .        j - +1 dagger (drain)
rCold   . . .        (no shield)
rNeg    . . .        q - +0 ring mail
rPois   .            (no helmet)
rElec   .            c - +0 cloak
rCorr   .            a - +0 pair of gloves
SInv    .            o - +0 pair of boots
Will    .....        (no amulet)
Stlth   +            S - +6 ring of strength
HPRegen 0.31/turn    (no ring)
MPRegen 0.11/turn

%: no passive effects
@: brilliant, on fire, glowing
A: foul stench 2, spiny 2
a: no special abilities


You were on level 5 of the Dungeon.
You visited 1 branch of the dungeon, and saw 5 of its levels.

You collected 278 gold pieces.


Innate Abilities, Weirdness & Mutations

You sometimes emit foul miasma when damaged in melee.
You are mostly covered in sharp spines.


   Skills:
 - Level 8.0 Fighting
 - Level 4.0 Short Blades
 - Level 1.7 Throwing
 + Level 2.0 Dodging
 - Level 5.0 Stealth


You had 7 spell levels left.
You didn't know any spells.
Your spell library contained the following spells:

 Spells                   Type           Power      Damage    Failure   Level
 Sandblast                Erth           0%         2d4       45%         1
 Inner Flame              Hex/Fire       0%         N/A       83%         3
 Passwall                 Erth           0%         N/A       83%         3
 Stone Arrow              Conj/Erth      0%         3d7       83%         3
 Brom's Barrelling Bould  Conj/Erth      0%         2d3       99%         4
 Flame Wave               Conj/Fire      0%         2d4       99%         4
 Sticky Flame             Fire/Alch      0%         2d4       99%         4

Inventory:

Hand Weapons
 i - a +1 dagger of protection
 j - a +1 dagger of draining (weapon)
Missiles
 d - 16 poisoned darts (quivered)
 e - 7 curare-tipped darts {=f}
 g - 4 atropa-tipped darts
Armour
 a - a +0 pair of gloves (worn)
 b - a +0 robe
 c - a +0 cloak (worn)
 h - a +0 leather armour
 o - a +0 pair of boots (worn)
 q - a +0 ring mail (worn)
Magical Staves
 k - a staff of death {!a}
Jewellery
 S - a +6 ring of strength (left hand)
Wands
 p - a wand of polymorph (3)
Scrolls
 l - 3 scrolls of identify {unknown}
 m - 2 scrolls of torment {unknown}
 n - a scroll of amnesia {unknown}
 s - a scroll of teleportation {unknown}
 u - a scroll of noise {unknown}
 x - a scroll of fear {unknown}
 y - a scroll of vulnerability {unknown}
Potions
 f - 2 potions of attraction {unknown}
 r - 3 potions of enlightenment {unknown}
 t - a potion of heal wounds {unknown}
 v - a potion of brilliance
 w - a potion of lignification {unknown}
 z - a potion of curing {unknown}

Dungeon Overview and Level Annotations

Branches:
Dungeon (5/15)
 Temple: D:4-7

Altars:
Fedhas
Uskayaw

......#.##.....# .K#K...
..#...#.##...... .(.....
..#.#...##...#####....P..
..#.#.#.............⚑.P..
..'...#.#.............P..
..#.###.##..#####....Po..
###.# #.............o..o.
#.# #####.......# #.#
######@># #.# ##)# #.#
#)# ###.# #)# ....# #.#
##### #.# #.# #........
#########


There were no monsters in sight!


Message History

* * * LOW HITPOINT WARNING * * *
Unknown command.
The liquid fire burns you!
* * * LOW HITPOINT WARNING * * *
Unknown command.
The liquid fire burns you!
* * * LOW HITPOINT WARNING * * *
Unknown command.
The liquid fire burns you!
* * * LOW HITPOINT WARNING * * *
Unknown command.
The liquid fire burns you!
* * * LOW HITPOINT WARNING * * *
Unknown command.
The liquid fire burns you!
* * * LOW HITPOINT WARNING * * *
Unknown command.
The liquid fire burns you!
* * * LOW HITPOINT WARNING * * *
Unknown command.
The liquid fire burns you!
* * * LOW HITPOINT WARNING * * *
Unknown command.
The liquid fire burns you!
* * * LOW HITPOINT WARNING * * *
Unknown command.
It was a potion of brilliance.
You feel clever all of a sudden. The liquid fire burns you!
You die...

Skill      XL: |  1  2  3  4  5  6  7  8 |
---------------+-------------------------+-----
Fighting       | 3 4 5 8 |  8.0
Short Blades   | 2 3 4 |  4.0
Stealth        | 4 5 |  5.0
Dodging        | 1 2 |  2.0
Throwing       | |  1.7

Action                     |  1- 3 |  4- 6 |  7- 9 || total
---------------------------+-------+-------+-------++-------
  Melee: Dagger            |   143 |   278 |   114 ||   535
         Punch             |     1 |     2 |     1 ||     4
    Use: Potion            |       |       |     1 ||     1
   Stab: Sleeping          |     6 |     4 |     1 ||    11
 Armour: Leather armour    |    73 |    23 |       ||    96
         Ring mail         |       |   205 |    63 ||   268
  Dodge: Dodged            |    75 |   158 |    48 ||   281

Levels and vault maps discovered:
D:1:      lemuel_arrival_room, layout_basic, nicolae_hexahallways,
          minmay_split_cup_small
D:2:      layout_rooms, shapermc_ecumenical_altar_pompeii
D:3:      minmay_goblin_kobold_castle, layout_loops_corners,
          nicolae_overflow_squiral, uniq_natasha
D:4:      layout_cave_pools, portal_sewer_entry_b, minmay_fountain_box,
          uniq_eustachio
D:5:      kennysheep_slugbush, layout_basic, fedhas_altar_3, minitemple,
          bloody_trog

Notes
Turn   | Place    | Note
-------+----------+-------------------------------------------
     0 | D:1      | Aminik the Demonspawn Brigand began the quest for the Orb.
     0 | D:1      | Reached XP level 1. HP: 16/16 MP: 1/1
   241 | D:1      | Gained mutation: You may rarely emit foul miasma when
                  | damaged in melee. [demonic ancestry]
   241 | D:1      | Reached XP level 2. HP: 20/23 MP: 2/2
   257 | D:1      | Reached skill level 3 in Fighting
   911 | D:2      | Reached XP level 3. HP: 29/29 MP: 3/3
   961 | D:2      | Found a faded altar of an unknown god.
  1298 | D:3      | Reached skill level 4 in Fighting
  1328 | D:3      | Reached skill level 2 in Short Blades
  1435 | D:3      | Reached XP level 4. HP: 33/36 MP: 4/4
  1623 | D:3      | Reached skill level 3 in Short Blades
  1679 | D:3      | Found a hide-covered altar of Uskayaw.
  1871 | D:3      | Reached skill level 4 in Stealth
  1887 | D:3      | Reached XP level 5. HP: 21/42 MP: 5/5
  2417 | D:3      | Reached skill level 5 in Stealth
  2742 | D:3      | Noticed Natasha
  2855 | D:3      | Killed Natasha
  2856 | D:3      | Gained mutation: You are partially covered in sharp spines.
                  | [demonic ancestry]
  2856 | D:3      | Reached XP level 6. HP: 49/49 MP: 6/6
  2954 | D:3      | Reached skill level 5 in Fighting
  3523 | D:4      | Reached skill level 4 in Short Blades
  3619 | D:4      | Gained mutation: You sometimes emit foul miasma when
                  | damaged in melee. [demonic ancestry]
  3619 | D:4      | Reached XP level 7. HP: 49/57 MP: 7/7
  3681 | D:4      | Reached skill level 6 in Fighting
  3718 | D:4      | Noticed Eustachio
  3730 | D:4      | HP: 4/59 [Eustachio/+0 rapier (5)]
  3740 | D:4      | HP: 5/59 [crimson imp[Eustachio] (1)]
  3742 | D:4      | Killed Eustachio
  3743 | D:4      | Reached skill level 7 in Fighting
  4368 | D:5      | Entered Level 5 of the Dungeon
  4504 | D:5      | Found a blossoming altar of Fedhas.
  4530 | D:5      | Reached skill level 8 in Fighting
  4530 | D:5      | Reached skill level 1 in Dodging
  4530 | D:5      | Gained mutation: You are mostly covered in sharp spines.
                  | [demonic ancestry]
  4530 | D:5      | Reached XP level 8. HP: 62/68 MP: 8/8
  4561 | D:5      | Reached skill level 2 in Dodging
  4572 | D:5      | HP: 4/68 [burnt (4)]
  4573 | D:5      | HP: 1/68 [burnt (3)]
  4574 | D:5      | Incinerated by a bombardier beetle

Vanquished Creatures
  Eustachio (D:4)
  An ogre (D:4)
  A kobold brigand (D:5)
  A scorpion (D:4)
  A bombardier beetle (D:5)
  3 hounds
  An orc priest (D:4)
  A gnoll bouda (D:5)
  Natasha (D:3)
  3 iguanas
  5 orc wizards
  13 gnolls
  4 adders
  5 dart slugs
  2 ribbon worms (D:4)
  21 orcs
  6 ball pythons
  2 bats
  7 endoplasms
  5 giant cockroaches
  39 goblins
  20 hobgoblins
  12 kobolds
  3 quokkas
  3 frilled lizards
  2 rats (D:3)
163 creatures vanquished.

Table legend: (Time is in decaauts)
 A = Elapsed time spent in this place.
 B = Non-inter-level travel time spent in this place.
 C = Inter-level travel time spent in this place.
 D = Time resting spent in this place.
 E = Time spent auto-exploring this place.
 F = Levels seen in this place.
 G = Mean time per level.
                   A        B        C        D        E       F      G
               +--------+--------+--------+--------+--------+-----+--------+
         Total |   4503 |   4395 |    108 |    629 |   2780 |   5 |  900.6 |
       Dungeon |   4503 |   4395 |    108 |    629 |   2780 |   5 |  900.6 |
               +--------+--------+--------+--------+--------+-----+--------+

Top non-repeatable levels by time:
     D:3: 2291 daAuts
     D:1: 894 daAuts
     D:4: 787 daAuts
     D:2: 333 daAuts
     D:5: 196 daAuts

Table legend:
 A = Non-vault XP
 B = Vault XP
 C = Vault XP percentage of total XP
 D = Non-vault monster count
 E = Vault monster count
 F = Vault count percentage of total count
                 A         B        C        D         E       F
            +---------+---------+-------+---------+---------+-------
      Total |    1118 |     468 |  29.5 |     100 |      63 |  38.7
            +---------+---------+-------+---------+---------+-------
        D:1 |      32 |       8 |  20.0 |      17 |       3 |  15.0
        D:2 |       9 |       0 |   0.0 |       4 |       0 |   0.0
        D:3 |     173 |     248 |  58.9 |      30 |      56 |  65.1
        D:4 |     610 |     212 |  25.8 |      33 |       4 |  10.8
        D:5 |     294 |       0 |   0.0 |      16 |       0 |   0.0
            +---------+---------+-------+---------+---------+-------
